 Dungeon Crawl Stone Soup version 0.30.0-5-g1a98f26d00 (webtiles) character file.

Game seed: 4544023305998703851

14 fozzywoppz the Trooper (level 2, 0/24 HPs)
             Began as a Human Cinder Acolyte on May 11, 2023.
             Was a High Priest of Ignis.
             Slain by Natasha (3 damage)
             ... on level 2 of the Dungeon.
             The game lasted 00:01:25 (794 turns).

fozzywoppz the Trooper (Human Cinder Acolyte)        Turns: 794, Time: 00:01:26

Health: 0/24       AC: 13    Str: 14    XL:     2   Next: 60%
Magic:  3/3        EV: 10    Int: 14    God:    Ignis [*****.]
Gold:   131        SH:  0    Dex:  8    Spells: 3/3 levels left

rFire   + . .        a - -1 hand axe (flame)
rCold   . . .        (no shield)
rNeg    . . .        h - +0 ring mail
rPois   .            (no helmet)
rElec   .            (no cloak)
rCorr   .            d - +0 pair of gloves
SInv    .            (no boots)
Will    .....        (no amulet) Stlth
                     (no ring)
HPRegen 0.24/turn    (no ring)
MPRegen 0.08/turn

%: no passive effects
@: fiery-armoured, slowed, very slow
A: no striking features
a: Renounce Religion, Fiery Armour, Foxfire Swarm, Rising Flame


You were on level 2 of the Dungeon.
You worshipped Ignis.
Ignis was extremely pleased with you.
You visited 1 branch of the dungeon, and saw 2 of its levels.

You collected 131 gold pieces.

Inventory:

Hand Weapons
 a - a -1 hand axe of flaming (weapon)
Armour
 b - a +0 robe
 d - a +0 pair of gloves (worn)
 h - a +0 ring mail (worn)
Scrolls
 f - a scroll of teleportation {unknown}
 g - a scroll of enchant armour {unknown}
Potions
 c - a potion of flight {unknown}
 e - a potion of heal wounds {unknown}


   Skills:
 + Level 3.2 Fighting
 + Level 3.2 Axes
 + Level 1.3 Spellcasting
 + Level 3.2 Fire Magic


You had 3 spell levels left.
You didn't know any spells.
Your spell library contained the following spells:

 Spells                   Type           Power      Damage    Failure   Level
 Scorch                   Fire           18%        2d6       22%         2
 Beastly Appendage        Tmut           0%         N/A       47%         1
 Wereblood                Tmut           0%         N/A       63%         2
 Spider Form              Tmut/Pois      0%         N/A       85%         3


Dungeon Overview and Level Annotations

Branches:
Dungeon (2/15)

Altars:

Annotations:
D:2 Natasha


Message History

You resist with significant effort.
You barely miss Natasha.
Natasha is lightly wounded.
Natasha closely misses you.
You closely miss Natasha.
Natasha is lightly wounded.
Natasha barely misses you.
You hit Natasha but do no damage.
Natasha is lightly wounded.
Natasha claws you.
Okay, then.
You hit Natasha. You burn Natasha.
Natasha is severely wounded.
Natasha wildly gestures.
Natasha shimmers violently.
Natasha misses you.
You barely miss Natasha.
Natasha is severely wounded.
Natasha claws you!
* * * LOW HITPOINT WARNING * * *
A protective cloak of flame settles atop you.
Natasha casts a spell at you.
You feel yourself slow down.
You hit Natasha but do no damage.
Natasha is severely wounded.
Natasha barely misses you.
Natasha mumbles some strange words.
You hit Natasha but do no damage.
Natasha is severely wounded.
You hit the cerulean imp. You burn the cerulean imp.
Natasha wildly gestures.
Natasha's front paws start to glow.
Natasha claws you but does no damage.
Natasha is burned by your cloak of flames.
Natasha is almost dead.
The cerulean imp completely misses you.
Natasha wildly gestures.
You feel troubled. Natasha claws you.
You die...

#...###....... ..
#.............. ...
#..<........#.. .#. #
#.....(........# ... ..
.............# ...
.##.##............ <..
..$.........# #..### #
#h@...## #....# #
#...5##...####.#.# #
#..## ##.....#...#####
..........##...#.#....<.
##. ..###>####.#.###..#.
# #..........##...
..#.........###..
.#..............
#.#######........


You could see Natasha and a cerulean imp (summoned).

Vanquished Creatures
  A ball python (D:1)
  A bat (D:1)
  An endoplasm (D:1)
  A giant cockroach (D:1)
  A hobgoblin (D:1)
  A kobold (D:1)
  A quokka (D:1)
  A frilled lizard (D:1)
  6 rats
14 creatures vanquished.

Notes
Turn   | Place    | Note
-------+----------+-------------------------------------------
     0 | D:1      | fozzywoppz the Human Cinder Acolyte began the quest for the
                  | Orb.
     0 | D:1      | Reached XP level 1. HP: 18/18 MP: 2/2
   172 | D:1      | Reached XP level 2. HP: 7/24 MP: 3/3
   779 | D:2      | Noticed Natasha
   794 | D:2      | Slain by Natasha

Illustrated notes

Levels and vault maps discovered:
D:1:      matt_arrival_los_fun, layout_rooms, chequers_decorated_corner
D:2:      layout_rooms, serial_shops, shop, minmay_rat_gold_closets,
          uniq_natasha

Action                     || total
---------------------------++-------
  Melee: Hand axe          ||    57
 Invoke: Fiery Armour      ||     1
 Armour: Robe              ||    10
         Ring mail         ||     1
         Skin              ||     1
  Dodge: Dodged            ||    44
